 Dungeon Crawl Stone Soup version 0.21-a0-584-g185da8e (webtiles) character file.

421 Amnesiac the Insei (level 6, 0/42 HPs)
             Began as an Octopode Transmuter on Dec 20, 2017.
             Slain by a two-headed ogre
             ... wielding a +0 giant club
              (21 damage)
             ... on level 8 of the Dungeon.
             The game lasted 00:05:09 (3385 turns).

Amnesiac the Insei (Octopode Transmuter)            Turns: 3385, Time: 00:05:10

Health: 0/42       AC:  2    Str: 14    XL:     6   Next: 94%
Magic:  6/9        EV: 22    Int: 18    God:
Gold:   136        SH:  0    Dex: 19    Spells: 4/9 levels left

rFire    . . .     SeeInvis .     - Unarmed
rCold    . . .     Gourm    +   (shield currently unavailable)
rNeg     . . .     Faith    .   (helmet currently unavailable)
rPois    x         Spirit   .   k - amulet of the gourmand
rElec    .         Reflect  .   e - +3 ring of intelligence
rCorr    .         Harm     .   q - +4 ring of strength
MR       .....                  (no ring)
Stlth    ++........             (no ring)
HPRegen  0.14/turn              (no ring)
MPRegen  0.11/turn              (no ring)
                                (no ring)
                                (no ring)

@: spider-form
A: tiny, almost no armour, stealthy swim, (amphibious), 8 rings, (constrict 8)
a: End Transformation


You were on level 8 of the Dungeon.
You were completely stuffed.
You were a venomous arachnid creature.
You visited 1 branch of the dungeon, and saw 6 of its levels.

You collected 136 gold pieces.

Inventory:

Hand Weapons
 a - a +1 blowgun
Missiles
 r - 5 curare-tipped needles
 s - 127 arrows
Jewellery
 e - a +3 ring of intelligence (left front leg)
 k - an amulet of the gourmand (around neck)
 q - a +4 ring of strength (right front leg)
Wands
 p - a wand of iceblast (11)
Scrolls
 f - a scroll of magic mapping {!r}
 g - a scroll of enchant weapon {!r}
 j - 3 scrolls of remove curse {!r}
Potions
 d - a potion of invisibility {!q}
 h - a potion of mutation {!q}
 l - a potion of haste {!q}
 m - a potion of magic {!q}
 n - a potion of curing {!q}
Books
 b - a book of Changes

   Spells                             Type                      Level
   a - Beastly Appendage              Transmutation                1
   b - Sticks to Snakes               Transmutation                2
   c - Spider Form                    Transmutation/Poison         3
   d - Ice Form                       Ice/Transmutation            4
   e - Blade Hands                    Transmutation                5
Comestibles
 c - 10 rations
 i - a chunk of flesh


   Skills:
 + Level 3.5 Fighting
 + Level 3.4 Dodging
 * Level 5.1 Unarmed Combat
 - Level 2.0 Spellcasting
 + Level 3.5 Transmutations


You had 4 spell levels left.
You knew the following spells:

 Your Spells              Type           Power        Failure   Level  Hunger
b - Sticks to Snakes      Tmut           ##......     17%         2    ###....
e - Spider Form           Tmut/Pois      #.........   47%         3    ###....


Dungeon Overview and Level Annotations

Branches:
Dungeon (5/15)
 Temple: D:4-7

Altars:


Innate Abilities, Weirdness & Mutations

You cannot wear most types of armour.
You are very stealthy in the water. (Stealth+)
((You are amphibious.))
You can wear up to eight rings at the same time.
((You can use your tentacles to constrict eight enemies at once.))
((Your skin changes colour to match your surroundings (Stealth+).))
((Your rubbery body absorbs attacks. (AC +1, EV +1)))


Message History

You bludgeon the bullfrog skeleton!
The bullfrog skeleton is almost destroyed.
You constrict the bullfrog skeleton.
You destroy the bullfrog skeleton!
No target in view!
No target in view!
You start resting.
HP restored.
Found a stone staircase leading down.
No target in view!
There is a stone staircase leading down here.
A giant cockroach comes into view.
You see here a scroll of identify {!r}.
o - a scroll of identify {!r} No target in view!
Really read
o - a scroll of identify {!r}?
As you read the scroll of identify {!r}, it crumbles to dust.
h - a potion of mutation {!q} Wield which item (- for none, * to show all)? (? for menu, Esc to quit)
a - a +1 blowgun (weapon)
The giant cockroach is too close now for your liking.
A giant cockroach is nearby!
A giant cockroach is nearby!
Quiver which item? (- for none, * to show all) (? for menu, Esc to quit)
Okay, then.
Wield which item (- for none, * to show all)? (? for menu, Esc to quit)
You are now empty-tentacled.
You catch the helpless giant cockroach completely off-guard!
You tentacle-slap the giant cockroach but do no damage.
You grab the giant cockroach. You squeeze the giant cockroach.
You kill the giant cockroach!
No target in view!
No target in view!
No target in view!
Found a stone staircase leading down.
No target in view!
Eating one of 2 chunks of flesh.
You eat one of the 2 chunks of flesh.
This raw flesh tastes great.
You fall through a shaft for 3 floors!
The shaft crumbles and collapses.
A two-headed ogre comes into view.
It is wielding a giant club and a giant spiked club.
The two-headed ogre shouts in stereo!
A two-headed ogre is nearby!
Unknown command.
Casting: Spider Form
Confirm with . or Enter, or press ? or * to list all spells.
You turn into a venomous arachnid creature.
The two-headed ogre closely misses you. The two-headed ogre misses you.
You hit the two-headed ogre but do no damage.
The two-headed ogre is poisoned.
You hit the two-headed ogre but do no damage.
The two-headed ogre looks as sick as possible!
The two-headed ogre hits you with a giant club!!
Ouch! That really hurt!
* * * LOW HITPOINT WARNING * * *
The two-headed ogre closely misses you.
You hit the two-headed ogre.
The two-headed ogre looks as sick as possible!
The two-headed ogre is lightly wounded.
Unknown command.
Unknown command.
The two-headed ogre hits you with a giant club!!
Ouch! That really hurt!
You die...

### ..# #.# #.#
#.# #.#
#..#######.#######
#........Os.....#
..####.########.#
#..O# #.# #.###.#
#.# #. .. #.# ..
## #.# ### #.# #.#
#.#


You could see a two-headed ogre.

Vanquished Creatures
  An ice beast (D:5)
  A phantom (D:2)
  A centaur (D:5)
  A hound (D:5)
  A bullfrog skeleton (D:5)
  Ijyb (D:3)
  2 adders
  2 gnolls (D:2)
  An orc (D:3)
  4 giant cockroaches
  5 goblins
  6 hobgoblins
  3 ball pythons
  4 bats
  5 frilled lizards
  7 kobolds
  9 rats
54 creatures vanquished.

Vanquished Creatures (others)
  A worm (D:3)
1 creature vanquished.

Grand Total: 55 creatures vanquished

Notes
Turn   | Place    | Note
-------+----------+-------------------------------------------
     0 | D:1      | Amnesiac the Octopode Transmuter began the quest for the Orb.
     0 | D:1      | Reached XP level 1. HP: 13/13 MP: 3/3
   130 | D:1      | Reached XP level 2. HP: 7/19 MP: 5/5
   320 | D:1      | Learned a level 2 spell: Sticks to Snakes
  1135 | D:2      | Reached XP level 3. HP: 18/24 MP: 6/6
  1403 | D:2      | Learned a level 3 spell: Spider Form
  1437 | D:2      | Reached XP level 4. HP: 3/30 MP: 7/7
  1893 | D:2      | Noticed a phantom
  2189 | D:3      | Noticed Ijyb
  2222 | D:3      | Killed Ijyb
  2739 | D:2      | Killed a phantom
  2739 | D:2      | Reached skill level 4 in Unarmed Combat
  2739 | D:2      | Reached XP level 5. HP: 9/36 MP: 1/8
  3002 | D:5      | Entered Level 5 of the Dungeon
  3040 | D:5      | Noticed a centaur
  3047 | D:5      | Noticed an ice beast
  3062 | D:5      | Killed an ice beast
  3062 | D:5      | Reached XP level 6. HP: 28/42 MP: 2/9
  3166 | D:5      | Reached skill level 5 in Unarmed Combat
  3363 | D:5      | You fall through a shaft for 3 floors!
  3375 | D:8      | Noticed a two-headed ogre
  3385 | D:8      | Slain by a two-headed ogre

Vault maps used:
D:1:      nicolae_arrival_washed_ashore
D:3:      uniq_ijyb
D:4:      first_ration
D:5:      minmay_splitting_lines, makhleb_blood_cavern_becter
D:8:      lemuel_mausoleum_altar_yredelemnul

Skill      XL: |  1  2  3  4  5  6 |
---------------+-------------------+-----
Fighting       | 2 3 |  3.5
Unarmed Combat | 4 5 |  5.1
Transmutations | 3 |  3.5
Dodging        | 3 |  3.4
Spellcasting   | |  2.0

Action                   |  1- 3 |  4- 6 || total
-------------------------+-------+-------++-------
Melee: Unarmed           |    87 |    68 ||   155
       Constrict         |    23 |     9 ||    32
       Tentacles         |    16 |    10 ||    26
       Punch             |     1 |     1 ||     2
 Cast: Spider Form       |       |     8 ||     8
 Abil: End Transformatio |       |     1 ||     1
Evoke: Wand              |       |     1 ||     1
  Use: Scroll            |       |    13 ||    13
       Potion            |       |     2 ||     2
 Stab: Sleeping          |     7 |     4 ||    11
       Distracted        |       |     1 ||     1
  Eat: Chunk             |     5 |    16 ||    21
Armor: Skin              |     8 |     1 ||     9
Dodge: Dodged            |    42 |    41 ||    83

Table legend:
 A = Spawn XP
 B = Non-spawn XP
 C = Spawn XP percentage of total XP
 D = Spawn monster count
 E = Non-spawn monster count
 F = Spawn count percentage of total count
 G = Total turns spent on level
                    A         B        C        D         E        F      G
               +---------+---------+-------+---------+---------+-------+---------
         Total |       0 |     602 |   0.0 |       0 |      55 |   0.0 |  3385
               +---------+---------+-------+---------+---------+-------+---------
           D:1 |       0 |      29 |   0.0 |       0 |      20 |   0.0 |  1306
           D:2 |       0 |     179 |   0.0 |       0 |      20 |   0.0 |  1092
           D:3 |       0 |      49 |   0.0 |       0 |       8 |   0.0 |   528
           D:4 |       0 |      16 |   0.0 |       0 |       2 |   0.0 |    76
           D:5 |       0 |     329 |   0.0 |       0 |       5 |   0.0 |   361
               +---------+---------+-------+---------+---------+-------+---------
